 Dungeon Crawl Stone Soup version 0.28.0-43-g3370ac3207 (webtiles) character file.

Game seed: 17948996564198854511

74 styxcanada the Sneak (level 4, -4/23 HPs)
             Began as a Spriggan Brigand on Mar 11, 2022.
             Slain by a gnoll
             ... wielding a +0 whip
              (5 damage)
             ... on level 3 of the Dungeon.
             The game lasted 00:07:31 (2170 turns).

styxcanada the Sneak (Spriggan Brigand)             Turns: 2170, Time: 00:07:32

Health: -4/23      AC:  3    Str:  7    XL:     4   Next: 9%
Magic:  5/5        EV: 17    Int: 12    God:
Gold:   83         SH:  0    Dex: 18    Spells: 3/3 levels left

rFire   . . .      SeeInvis +   a - +2 dagger
rCold   . . .      Faith    .   (no shield)
rNeg    . . .      Spirit   .   b - +0 robe
rPois   .          Reflect  .   (helmet restricted)
rElec   .          Harm     .   c - +0 cloak
rCorr   .          Rampage  .   (gloves unavailable)
Will    .....                   (boots unavailable)
Stlth   ++++......              (no amulet)
HPRegen 0.07/turn               (no ring)
MPRegen 0.09/turn               (no ring)

@: brilliant, very quick
A: very small, no large weapons, unfitting armour, see invisible, speed 3
a: no special abilities


You were on level 3 of the Dungeon.
You visited 1 branch of the dungeon, and saw 3 of its levels.

You collected 83 gold pieces.

Inventory:

Hand Weapons
 a - a +2 dagger (weapon)
Missiles
 d - 4 poisoned darts (quivered)
 e - 2 curare-tipped darts
 g - 25 stones
Armour
 b - a +0 robe (worn)
 c - a +0 cloak (worn)
Jewellery
 p - an amulet of faith
Scrolls
 h - 2 scrolls of noise {unknown}
 j - 2 scrolls of identify {unknown}
 m - 2 scrolls of teleportation {unknown}
 n - 2 scrolls of fear {unknown}
 q - a scroll of fog {unknown}
 r - a scroll of holy word {unknown}
 s - a scroll of immolation {unknown}
Potions
 f - a potion of brilliance
 i - 2 potions of heal wounds {unknown}
 k - 2 potions of curing {unknown}
 l - a potion of lignification {unknown}
 o - a potion of haste {unknown}


   Skills:
 * Level 2.1 Fighting
 + Level 2.3 Short Blades
 + Level 2.4 Throwing
 * Level 2.1 Dodging
 * Level 7.3 Stealth


You had 3 spell levels left.
You didn't know any spells.
Your spell library was empty.

Dungeon Overview and Level Annotations

Branches:
Dungeon (3/15)

Altars:
Vehumet

Shops:
D:1 ?


Innate Abilities, Weirdness & Mutations

You are very small and have problems with some larger weapons.
You are too small for most types of armour.
You have supernaturally acute eyesight. (SInv)
You cover ground extremely quickly. (Speed+++)


Message History

The gnoll hits you from afar with a +0 spear.
You hit the endoplasm.
You kill the endoplasm!
The gnoll barely misses you.
Throw: 7 darts (poison)
Press: ? - help, Q - select action, (/) - cycle Shift-Dir - straight line, f/p - gnoll
Aim: a gnoll, wielding a +0 spear (66% to hit)
You throw a poisoned dart.
The poisoned dart barely misses the gnoll.
The poisoned dart hits the gnoll.
Throw: 6 darts (poison)
Press: ? - help, Q - select action, (/) - cycle Shift-Dir - straight line, f - gnoll
Aim: a gnoll, wielding a +0 whip (66% to hit)
You throw a poisoned dart. The poisoned dart hits the gnoll.
The gnoll is poisoned.
Throw: 5 darts (poison)
Press: ? - help, Q - select action, (/) - cycle Shift-Dir - straight line, f/p - gnoll
Aim: a gnoll, wielding a +0 whip (lightly wounded, poisoned, 66% to hit)
You throw a poisoned dart.
The poisoned dart barely misses the gnoll.
The gnoll looks more healthy.
The gnoll hits you with a +0 whip.
* * * LOW HITPOINT WARNING * * *
The gnoll shouts!
You hit the gnoll but do no damage.
The gnoll is almost dead.
Unknown command.
An orc comes into view. It is wielding a +0 flail.
The helpless orc fails to defend itself.
You perforate the orc like a sieve!!!
You kill the orc!
You open the door.
There is an open door here.
The gnoll shouts!
The gnoll hits you with a +0 whip.
* * * LOW HITPOINT WARNING * * *
You see here a poisoned dart.
It was a potion of brilliance.
You feel clever all of a sudden. The gnoll hits you with a +0 whip.
You die...

.....(.....#
#.....≈≈≈≈≈
##.........#
#..........
#..........##
#.........#
#...........#
#..........
#...........#
####.>.......#
#...........#
#............#
#...........#####
#[...........#
#..........g..g.#
#............#
##.........####@#
#......#######
#.......#'## #g#
#......# #.#######.###
#.# #...)..#
#J#.....)...# #.#
#......# # ##.####.#.#
#(###......# #....#g#
#(.........# #....#.#
#####......#
.####.#.####..g......#
........g..g.####.####


You could see 3 gnolls.

Vanquished Creatures
  2 adders (D:3)
  2 worms
  A dart slug (D:1)
  An orc (D:3)
  A bat (D:1)
  6 endoplasms
  4 giant cockroaches (D:1)
  3 goblins
  4 hobgoblins
  2 jackals (D:1)
  2 quokkas
  4 ball pythons (D:1)
  2 frilled lizards
  4 kobolds
  5 rats
43 creatures vanquished.

Notes
Turn   | Place    | Note
-------+----------+-------------------------------------------
     0 | D:1      | styxcanada the Spriggan Brigand began the quest for the
                  | Orb.
     0 | D:1      | Reached XP level 1. HP: 10/10 MP: 2/2
    99 | D:1      | Reached skill level 6 in Stealth
   288 | D:1      | Found a faded altar of an unknown god.
   297 | D:1      | Reached XP level 2. HP: 15/15 MP: 3/3
   304 | D:1      | Found Sidi's Magic Scroll Emporium.
   969 | D:2      | Reached XP level 3. HP: 18/18 MP: 4/4
  1247 | D:2      | Reached skill level 7 in Stealth
  1941 | D:3      | Found a radiant altar of Vehumet.
  2067 | D:3      | Reached XP level 4. HP: 23/23 MP: 5/5
  2169 | D:3      | HP: 1/23 [gnoll/+0 whip (6)]
  2170 | D:3      | Slain by a gnoll

Illustrated notes

Levels and vault maps discovered:
D:1:      wander_arrival_peaceful_grave, layout_basic,
          hellmonk_ecumenical_altar_dog_temple, serial_shops, shop
D:2:      layout_loops_ring, nicolae_underground_beach
D:3:      layout_basic, riverfiend_overflow_shadow_ancestor,
          mainiacjoe_overflow_brackets, nicolae_elyvilon_temple_path

Skill      XL: |  1  2  3 |
---------------+----------+-----
Stealth        | 6 7 |  7.3
Fighting       | 2 |  2.1
Dodging        | 2 |  2.1
Short Blades   | |  2.3
Throwing       | |  2.4

Action                   |  1- 3 |  4- 6 || total
-------------------------+-------+-------++-------
Melee: Dagger            |    83 |     6 ||    89
       Punch             |     2 |       ||     2
Throw: Dart              |    32 |     7 ||    39
  Use: Potion            |       |     1 ||     1
 Stab: Sleeping          |    15 |     1 ||    16
Armor: Robe              |     9 |       ||     9
Dodge: Dodged            |    40 |     2 ||    42
